 Dungeon Crawl Stone Soup version 0.17-a0-1479-g4041c36 (webtiles) character file.

73 urechis the Ruffian (level 4, -3/45 HPs)
             Began as a Troll Monk on July 3, 2015.
             Killed from afar by Ijyb (11 damage)
             ... with a wand of frost
             ... on level 3 of the Dungeon.
             The game lasted 00:02:35 (1902 turns).

urechis the Ruffian (Troll Monk)                    Turns: 1902, Time: 00:02:35

Health: -3/45      AC:  5    Str: 20    XL:     4   Next: 8%
Magic:  3/3        EV: 10    Int:  6    God:
Gold:   98         SH:  0    Dex: 12    Spells: 0 memorised, 3 levels left

rFire  . . .     SeeInvis .       - Unarmed
rCold  . . .     Clarity  .     a - +0 robe
rNeg   . . .     SustAt   .     (no shield)
rPois  .         Gourm    +     (helmet restricted)
rElec  .         Spirit   .     (no cloak)
rCorr  .         Warding  .     (gloves unavailable)
rMut   .         Stasis   .     (boots unavailable)
MR     .....                    (no amulet)
Stlth  +.........               (no ring)
                                (no ring)

@: not resistant to hostile enchantments, very unstealthy
A: unfitting armour, claws 3, fast metabolism 3, gourmand, regeneration 2,
shaggy fur 1, tough skin 2
a: no special abilities


You were on level 3 of the Dungeon.
You were very hungry.

You visited 1 branch of the dungeon, and saw 3 of its levels.

You collected 98 gold pieces.

Inventory:

Armour
 a - a +0 robe (worn)
Magical devices
 k - a wand of digging (5)
 n - a wand of polymorph (15)
Scrolls
 c - 2 scrolls of fear {unknown}
 d - a scroll of immolation {unknown}
 e - a scroll of magic mapping {unknown}
 i - a scroll of enchant weapon {unknown}
 j - a scroll of recharging {unknown}
 l - a scroll of blinking {unknown}
 o - a scroll of noise {unknown}
 q - a scroll of remove curse {unknown}
Potions
 m - 3 potions of agility {unknown}
 p - a potion of heal wounds {unknown}
Comestibles
 b - 4 bread rations
 f - 2 meat rations
 g - 2 slices of pizza
 h - 2 beef jerkies


   Skills:
 + Level 3.1 Fighting
 - Level 2.4 Dodging
 - Level 1.1 Stealth
 * Level 5.1 Unarmed Combat


You had 3 spell levels left.
You didn't know any spells.

Dungeon Overview and Level Annotations

Branches:
Dungeon (3/15)

Altars:

Annotations:
D:3 Ijyb


Innate Abilities, Weirdness & Mutations

You are too large for most types of armour.
You have claws for hands.
Your metabolism is lightning-fast.
You like to eat raw meat.
You heal very quickly.
You are covered in fur (AC +1).
You have very tough skin (AC +2).


Message History

You scratch Ijyb but do no damage.
Ijyb is moderately wounded.
Ijyb zaps a wand.
The puff of frost misses you.
You scratch Ijyb but do no damage. You claw Ijyb!
Ijyb is severely wounded.
Ijyb zaps a wand.
The puff of frost hits you!
* * * LOW HITPOINT WARNING * * *
You scratch Ijyb.
Ijyb is severely wounded.
Ijyb hits you but does no damage.
You closely miss Ijyb.
Ijyb is severely wounded.
You closely miss Ijyb.
Ijyb is severely wounded.
Ijyb hits you with a club.
* * * LOW HITPOINT WARNING * * *
You barely miss Ijyb.
Ijyb is severely wounded.
Ijyb zaps a wand.
The puff of frost hits you!
You die...

..........)..........#
#.#######............#
#. #............#
#............#
#.......!....#
#............#
#............#
#............#
#.....@......#
#.....g......#
#............#
#............#
#............#
##############


You could see Ijyb (bleeding).

Vanquished Creatures
  2 adders (D:2)
  An ooze (D:1)
  4 orcs (D:3)
  A ball python (D:2)
  2 giant cockroaches (D:1)
  5 goblins
  5 hobgoblins
  6 jackals (D:1)
  6 bats
  3 giant newts (D:1)
  5 kobolds
  7 rats
47 creatures vanquished.

Notes
Turn   | Place    | Note
--------------------------------------------------------------
     0 | D:1      | urechis the Troll Monk began the quest for the Orb.
     0 | D:1      | Reached XP level 1. HP: 22/22 MP: 0/0
    98 | D:1      | Reached XP level 2. HP: 25/29 MP: 1/1
   559 | D:1      | Reached XP level 3. HP: 36/36 MP: 2/2
  1351 | D:2      | Reached skill level 5 in Unarmed Combat
  1865 | D:3      | Reached XP level 4. HP: 45/45 MP: 3/3
  1887 | D:3      | Noticed Ijyb
  1902 | D:3      | Killed from afar by Ijyb

Vault maps used:
D:1:      dpeg_arrival_short_road
D:3:      uniq_iyjb, uniq_natasha

Action                   |  1- 3 |  4- 6 || total
-------------------------+-------+-------++-------
Melee: Unarmed           |   105 |    20 ||   125
 Stab: Sleeping          |     1 |       ||     1
  Eat: Chunk             |    13 |       ||    13
